 Dungeon Crawl Stone Soup version 0.21.1-1-g345015fe64 (webtiles) character file.

56 Gargoyl the Skirmisher (level 3, -1/31 HPs)
             Began as a Centaur Abyssal Knight on May 31, 2018.
             Was a Follower of Lugonu.
             Slain by an iguana (6 damage)
             ... on level 3 of the Dungeon.
             The game lasted 00:04:24 (2211 turns).

Gargoyl the Skirmisher (Centaur Abyssal Knight)     Turns: 2211, Time: 00:04:25

Health: -1/31      AC:  9    Str: 14    XL:     3   Next: 71%
Magic:  5/5        EV:  1    Int: 11    God:    Lugonu [*.....]
Gold:   36         SH:  0    Dex:  9    Spells: 2/2 levels left

rFire    . . .     SeeInvis .   a - +1 hand axe
rCold    . . .     Gourm    .   (no shield)
rNeg     . . .     Faith    .   d - +0 plate armour
rPois    .         Spirit   .   h - +0 helmet
rElec    .         Reflect  .   (no cloak)
rCorr    .         Harm     .   (no gloves)
MR       .....                  (no barding)
Stlth    ..........             (no amulet)
HPRegen  0.10/turn              (no ring)
MPRegen  0.09/turn              (no ring)

@: very quick
A: large, hooves 3, deformed body, speed 2, tough skin 3
a: Depart the Abyss, Renounce Religion


You were on level 3 of the Dungeon.
You worshipped Lugonu.
Lugonu was aware of your devotion.
You were near starving.

You visited 1 branch of the dungeon, and saw 3 of its levels.
You visited the Abyss 1 time.

You collected 36 gold pieces.

Inventory:

Hand Weapons
 a - a +1 hand axe (weapon)
Armour
 d - a +0 plate armour (worn)
 h - a +0 helmet (worn)
Jewellery
 j - an uncursed ring of magical power {unknown}
Scrolls
 b - a scroll of blinking {unknown}
 f - a scroll of identify
 k - a scroll of magic mapping {unknown}
 l - 2 scrolls of enchant weapon {unknown}
Potions
 e - 2 potions of curing
 g - 2 potions of might {unknown}
 i - 2 potions of brilliance {unknown}
Comestibles
 c - 7 rations


   Skills:
 + Level 3.4 Fighting
 + Level 2.5 Axes
 * Level 1.8 Armour
 + Level 0.6 Dodging
 * Level 2.8 Invocations


You had 2 spell levels left.
You didn't know any spells.

Dungeon Overview and Level Annotations

Branches:
Dungeon (3/15)

Altars:
Vehumet
The Shining One


Innate Abilities, Weirdness & Mutations

You have hooves in place of feet.
Armour fits poorly on your strangely shaped body.
You cover ground very quickly.
You have extremely tough skin. (AC +3)


Message History

You hit the iguana but do no damage. Your kick misses the iguana.
The iguana bites you.
You hit the iguana.
The iguana is lightly wounded.
The iguana bites you!
You hit the iguana but do no damage. You kick the iguana, but do no damage.
The iguana is lightly wounded.
The iguana bites you but does no damage.
You closely miss the iguana. You kick the iguana.
The iguana is heavily wounded.
The iguana bites you.
You hit the iguana but do no damage.
The iguana is heavily wounded.
The iguana bites you but does no damage.
The iguana bites you!
* * * LOW HITPOINT WARNING * * *
You completely miss the iguana.
The iguana is heavily wounded.
The iguana bites you.
You die...

#.# #.# ##
#.#.# ..
#.#.# #<
#.#.# # #.
#.#.#
#.#.##.#<#
##$..l#.#.#
.#....@..#.#
#...........#
###.......###
#....[%..#
###.###..# #.
#... # #.###
..# ###


You could see an iguana.

Vanquished Creatures
  An adder (D:2)
  2 worms (D:2)
  A dart slug (D:1)
  A leopard gecko (D:1)
  2 giant cockroaches (D:1)
  5 goblins
  6 hobgoblins
  4 bats
  A frilled lizard (D:1)
  7 kobolds
  8 rats
38 creatures vanquished.

Vanquished Creatures (others)
  5 starspawn tentacles (Abyss:1)
5 creatures vanquished.

Grand Total: 43 creatures vanquished

Notes
Turn   | Place    | Note
-------+----------+-------------------------------------------
     0 | Abyss:1  | Gargoyl the Centaur Abyssal Knight began the quest for the Orb.
     0 | Abyss:1  | Reached XP level 1. HP: 19/19 MP: 2/2
    61 | Abyss:1  | Noticed a tentacled starspawn
   136 | Abyss:2  | Noticed a quasit
   174 | Abyss:2  | Noticed a hellwing
   201 | Abyss:2  | Noticed a large abomination
   202 | Abyss:2  | Noticed a flying skull
   209 | Abyss:2  | Noticed a worldbinder
   214 | Abyss:2  | Noticed an orb spider
   215 | Abyss:2  | Noticed a tarantella
   219 | Abyss:2  | Noticed a jumping spider
   219 | Abyss:2  | Noticed a jumping spider
   222 | D:1      | Escaped the Abyss
   479 | D:1      | Reached XP level 2. HP: 5/26 MP: 3/3
   481 | D:1      | Reached * piety under Lugonu
  1200 | D:1      | Reached XP level 3. HP: 30/31 MP: 4/4
  1466 | D:2      | Found a glowing golden altar of the Shining One.
  1516 | D:2      | Found a radiant altar of Vehumet.
  2211 | D:3      | Slain by an iguana

Skill      XL: |  1 |
---------------+----+-----
Axes           | 2 |  2.5
Fighting       | |  3.4
Armour         | |  1.8
Dodging        | |  0.6
Invocations    | |  2.8

Action                   || total
-------------------------++-------
Melee: Hand axe          ||   139
       Kick              ||    18
Invok: Depart the Abyss  ||     1
  Use: Scroll            ||     4
  Eat: Chunk             ||     1
Armor: Plate armour      ||   141
       Leather armour    ||     7
Dodge: Dodged            ||    14
